Map: Cerulean Fall LE

Players

Smileblind

  • Race: Protoss Protoss
  • League: Silver
  • Spawn Location: 7:00

VOD

Have the link to the VOD?

Description

Time

  • Played on: Jan. 20, 2019, 1:50 p.m.
  • Length: 32:05
Show
View Real Time Build Order
Export as new Build Order

Smileblind Protoss 

Build Orders:  

Get SALT Encoding   

  12  0:06  Probe (Chrono Boost)  
  13  0:29  Pylon  
  13  0:33  Probe (Chrono Boost)  
  14  0:44  Probe (Chrono Boost)  
  15  0:57  Probe (Chrono Boost)  
  16  1:13  Probe (Chrono Boost)  
  16  1:16  Gateway  
  17  1:26  Probe (Chrono Boost)  
  18  1:31  Assimilator  
  18  1:37  Assimilator, Probe (Chrono Boost)  
  19  1:50  Probe (Chrono Boost)  
  20  2:12  Nexus  
  20  2:18  Probe (Chrono Boost)  
  21  2:35  Probe (Chrono Boost)  
  22  2:41  Cybernetics Core  
  23  2:51  Probe (Chrono Boost)  
  23  3:08  Pylon  
  23  3:31  Forge  
  23  3:39  Sentry  
  26  3:51  Probe (Chrono Boost)  
  26  3:52  Probe (Chrono Boost)  
  27  4:03  Probe (Chrono Boost)  
  27  4:08  Probe (Chrono Boost)  
  29  4:16  Stalker  
  29  4:17  Probe (Chrono Boost)  
  32  4:25  Probe (Chrono Boost)  
  33  4:34  Probe (Chrono Boost)  
  35  4:42  Probe (Chrono Boost)  
  35  4:49  Robotics Facility  
  36  4:51  Probe (Chrono Boost)  
  36  4:52  Assimilator  
  36  4:57  Assimilator  
  36  4:58  Probe (Chrono Boost)  
  37  5:06  Photon Cannon  
  37  5:07  Probe (Chrono Boost)  
  38  5:15  Probe (Chrono Boost)  
  39  5:22  Protoss Ground Weapons Level 1  
  39  5:23  Photon Cannon  
  39  5:24  Probe (Chrono Boost)  
  39  5:27  Stalker  
  39  5:29  Warp Gate  
  42  5:47  Stargate  
  42  6:09  Stalker  
  44  6:26  Pylon  
  45  6:30  Pylon  
  45  6:31  Probe (Chrono Boost)  
  45  6:34  Pylon, Probe (Chrono Boost)  
  46  6:46  Immortal  
  46  6:54  Probe x2 (Chrono Boost)  
  46  6:58  Shield Battery  
  52  7:06  Shield Battery  
  52  7:19  Probe x2 (Chrono Boost)  
  54  7:25  Oracle  
  57  7:36  Probe x2 (Chrono Boost)  
  59  7:41  Immortal  
  59  7:49  Shield Battery  
  63  7:55  Adept  
  65  8:15  Nexus  
  65  8:20  Pylon  
  65  8:24  Pylon  
  65  8:30  Adept, Pylon  
  67  8:44  Pylon  
  67  8:46  Immortal  
  67  8:49  Probe x2 (Chrono Boost)  
  73  8:53  Gateway  
  73  9:00  Gateway  
  73  9:06  Probe x2 (Chrono Boost)  
  75  9:13  Gateway  
  75  9:17  Void Ray  
  79  9:23  Probe x2 (Chrono Boost)  
  79  9:28  Shield Battery  
  83  9:40  Probe x2 (Chrono Boost)  
  83  9:41  Fleet Beacon  
  83  9:49  Unknown x2  
  83  9:57  Probe x2 (Chrono Boost)  
  83  10:11  Unknown  
  83  10:14  Probe (Chrono Boost)  
  79  10:53  Stalker  
  79  10:55  Stalker  
  79  10:56  Stalker  
  85  11:10  Stargate  
  85  11:12  Stargate  
  85  11:15  Twilight Council  
  85  11:22  Shield Battery  
  85  11:28  Stalker x2  
  85  11:29  Stalker  
  91  11:48  Assimilator  
  91  11:52  Assimilator  
  103  12:24  Probe x2 (Chrono Boost)  
  103  12:29  Void Ray  
  105  12:37  Tempest x2  
  117  12:41  Probe x2 (Chrono Boost)  
  117  12:46  Shield Battery  
  117  13:07  Immortal  
  117  13:17  Stalker x3  
  117  13:27  Charge  
  117  13:29  Void Ray  
  115  13:37  Tempest  
  79  14:01  Zealot x3  
  79  14:02  Immortal, Zealot  
  79  14:05  Unknown  
  79  14:21  Void Ray  
  79  14:29  Void Ray  
  87  14:31  Zealot x2  
  87  14:32  Zealot  
  87  14:37  Void Ray  
  79  14:53  Unknown  
  79  15:10  Zealot  
  79  15:11  Zealot x2  
  97  15:48  Tempest x3  
  100  15:57  Zealot x3  
  93  16:33  Shield Battery  
  93  16:34  Zealot  
  93  16:35  Zealot  
  93  16:36  Zealot  
  99  16:48  Tempest x3  
  99  16:49  Probe (Chrono Boost)  
  115  17:06  Probe (Chrono Boost)  
  116  17:15  Pylon x2  
  116  17:20  Pylon  
  116  17:21  Pylon  
  116  17:22  Pylon  
  116  17:23  Probe (Chrono Boost)  
  116  17:25  Dark Shrine  
  117  17:30  Templar Archives  
  117  17:41  Protoss Ground Armor Level 1  
  117  17:43  Probe (Chrono Boost)  
  117  17:44  Stalker  
  117  17:45  Stalker  
  117  17:48  Tempest, Void Ray x2  
  143  17:53  Protoss Air Weapons Level 1  
  144  18:00  Probe (Chrono Boost)  
  144  18:20  Gateway  
  144  18:22  Gateway  
  144  18:32  Shield Battery  
  144  18:35  Psionic Storm  
  144  18:36  High Templar  
  144  18:37  High Templar  
  148  18:48  Void Ray x2  
  156  19:01  Probe (Chrono Boost)  
  157  19:29  Pylon  
  157  19:36  Pylon  
  157  19:52  Pylon  
  157  19:54  Tempest  
  157  19:55  Pylon  
  157  19:57  Probe (Chrono Boost)  
  157  19:58  Pylon  
  163  20:01  Tempest, Void Ray  
  172  20:10  Pylon  
  172  20:14  Probe (Chrono Boost)  
  172  20:16  Pylon  
  173  20:21  Protoss Ground Weapons Level 2  
  174  20:30  Probe (Chrono Boost)  
  174  20:47  Probe (Chrono Boost)  
  175  20:50  Unknown  
  175  20:55  Immortal  
  184  21:01  Tempest  
  154  21:21  Nexus  
  154  21:24  Tempest  
  148  21:39  Dark Templar x2  
  152  21:40  Dark Templar x3  
  152  21:45  Tempest  
  163  22:31  High Templar  
  163  22:32  High Templar x3  
  161  22:49  Tempest  
  166  22:59  Sentry  
  168  23:20  Assimilator  
  168  23:27  Assimilator  
  168  23:28  Gateway  
  168  23:32  Gateway  
  168  23:36  Gateway, Void Ray x2  
  168  23:38  Gateway  
  176  23:48  Zealot x2  
  176  23:49  Zealot x2  
  184  23:55  Dark Templar  
  186  24:17  Dark Templar  
  188  24:33  Archon  
  188  24:35  Unknown  
  138  25:20  Tempest x3  
  153  25:51  Dark Templar  
  155  26:04  Zealot x3  
  155  26:09  Zealot  
  163  26:12  High Templar  
  165  26:20  Tempest  
  170  26:34  Tempest  
  175  26:53  High Templar  
  175  26:56  Zealot x3  
  175  26:57  Zealot x3  
  175  26:59  Zealot x2  
  193  27:26  High Templar  
  193  27:29  Stalker x2  
  199  27:44  Unknown  
  81  29:18  Zealot  
  83  29:24  Zealot x3  
  83  29:26  Zealot x3  
  83  29:27  Zealot x2  
  99  29:43  Void Ray x2  
  107  29:52  Unknown  
  107  29:56  Unknown  
  103  30:19  High Templar x2  
  107  30:21  Zealot  
  107  30:22  Zealot x4  
  107  30:23  Zealot  
  107  30:26  Unknown  
  101  30:43  Void Ray  
  92  30:55  Stalker  
  92  30:56  Stalker x3  
  98  31:33  Unknown  
Tags
 
Add a new tag
Caveats
  • Supply blocks, unpowered buildings, or Contaminate may cause inaccurate times.
  • Supply counts are checked every 10 seconds.